 Dungeon Crawl Stone Soup version 0.28-a0-1374-ga75cb3825e (webtiles) character file.

Game seed: 16507710540559819643

85 Teslajakalope the Skirmisher (level 4, -6/41 HPs)
             Began as a Minotaur Fighter on Dec 31, 2021.
             Killed from afar by an orc wizard (10 damage)
             ... with a puff of flame
             ... on level 3 of the Dungeon.
             The game lasted 00:03:44 (1685 turns).

Teslajakalope the Skirmisher (Minotaur Fighter)     Turns: 1685, Time: 00:03:45

Health: -6/41      AC:  8    Str: 22    XL:     4   Next: 25%
Magic:  3/3        EV:  9    Int:  5    God:
Gold:   116        SH:  4    Dex: 10    Spells: 3/3 levels left

rFire   . . .      SeeInvis .   a - +0 war axe
rCold   . . .      Faith    .   c - +0 buckler
rNeg    . . .      Spirit   .   b - +0 scale mail
rPois   .          Reflect  .   (helmet restricted)
rElec   .          Harm     .   (no cloak)
rCorr   .          Rampage  .   k - +0 pair of gloves
Will    .....                   (no boots)
Stlth   ..........              (no amulet)
HPRegen 0.13/turn               (no ring)
MPRegen 0.08/turn               (no ring)

@: no status effects
A: horns 2, retaliatory headbutt
a: no special abilities


You were on level 3 of the Dungeon.
You visited 1 branch of the dungeon, and saw 4 of its levels.

You collected 116 gold pieces.

Inventory:

Hand Weapons
 a - a +0 war axe (weapon)
Missiles
 h - 60 stones
 m - 7 poisoned darts (quivered)
Armour
 b - a +0 scale mail (worn)
 c - a +0 buckler (worn)
 k - a +0 pair of gloves (worn)
Jewellery
 j - a ring of protection from cold
 n - a ring of wizardry
Scrolls
 e - a scroll of fear {unknown}
 i - 2 scrolls of identify {unknown}
 l - a scroll of noise {unknown}
Potions
 d - a potion of might
 f - a potion of cancellation {unknown}
 g - a potion of curing {unknown}
 o - 2 potions of berserk rage {unknown}


   Skills:
 + Level 4.5 Fighting
 + Level 3.5 Axes
 + Level 4.5 Armour
 - Level 4.0 Shields


You had 3 spell levels left.
You didn't know any spells.
Your spell library was empty.

Dungeon Overview and Level Annotations

Branches:
Dungeon (4/15)
 Temple: D:4-7

Altars:


Innate Abilities, Weirdness & Mutations

You have a pair of horns on your head.
You reflexively headbutt those who attack you in melee.


Message History

You headbutt the adder, but do no damage.
You slash something! You headbutt something. You barely miss the orc.
You closely miss the orc priest. You closely miss the adder.
You barely miss the orc. You block the orc priest's attack.
The orc hits you but does no damage. Something hits you but does no damage.
The orc barely misses you. The adder closely misses you.
The orc priest calls down the wrath of Beogh upon you.
Beogh smites you! Something hits you. The orc hits you but does no damage.
Something hits you but does no damage. The orc hits you with a +0 hand axe.
* * * LOW HITPOINT WARNING * * *
You barely miss the adder.
The adder is severely wounded.
You barely miss the orc. You slash something!
Reactivating autopickup.
You feel a bit more experienced.
You miss something. You slash the orc!
You kill the orc!
You barely miss the orc priest. The adder bites you but does no damage.
You block the adder's attack.
The orc priest hits you with a +0 hand axe.
* * * LOW HITPOINT WARNING * * *
The orc hits you with a +0 whip.
* * * LOW HITPOINT WARNING * * *
You hear some strange, mumbled words.
A magic dart appears from out of thin air!
Deactivating autopickup; reactivate with Ctrl-A.
The magic dart hits you but does no damage.
You have reached level 4!
You feel agile.
You closely miss the adder.
You headbutt the adder, but do no damage.
The adder is heavily wounded.
You hit the orc priest.
You kill the orc priest!
You miss something. You slash the orc!
You kill the orc!
The adder barely misses you.
You hear some strange, mumbled words.
A puff of flame appears from out of thin air!
The puff of flame hits you!
You die...

#####..........
###.####### ### #.# ..#
#.# # #.# #.# #####.#.#
#.## # #.....#.#####
#..## ##
##....)S)...####...####.
#.....)@).............'.
##...##{###.##.#...####.
#. ...# #.##.##.## ##
##### #.##.#### # #.##†#
#.##.# ..##.#
####.####### #.#.....#


You could see an adder.

Vanquished Creatures
  An orc priest (D:3)
  An orc wizard (D:3)
  A gnoll (D:1)
  An adder (D:2)
  An adder skeleton (D:4)
  2 dart slugs (D:1)
  3 orcs (D:3)
  4 goblins
  5 hobgoblins
  2 kobolds (D:1)
  8 ball pythons
  2 bats
  2 frilled lizards (D:1)
  4 rats (D:1)
37 creatures vanquished.

Notes
Turn   | Place    | Note
-------+----------+-------------------------------------------
     0 | D:1      | Teslajakalope the Minotaur Fighter began the quest for the
                  | Orb.
     0 | D:1      | Reached XP level 1. HP: 19/19 MP: 0/0
   173 | D:1      | Reached XP level 2. HP: 18/27 MP: 1/1
   756 | D:1      | Reached XP level 3. HP: 33/33 MP: 2/2
  1282 | D:2      | Found a faded altar of an unknown god.
  1320 | D:2      | You fall into a shaft and drop 2 floors!
  1685 | D:3      | Reached XP level 4. HP: 4/41 MP: 3/3
  1685 | D:3      | Killed from afar by an orc wizard

Illustrated notes

Levels and vault maps discovered:
D:1:      minmay_arrival_open_corners, layout_basic, chequers_jeans
D:2:      minmay_alternating_diamond, layout_loops_ring,
          nicolae_ecumenical_snake_handling
D:3:      minmay_spotlight, layout_loops_corners,
          grunt_temple_overflow_magic_moments
D:4:      layout_gridville, grunt_temple_overflow_open,
          minmay_temple_entry_poolview, uniq_menkaure

Skill      XL: |  1  2 |
---------------+-------+-----
Fighting       | 4 |  4.5
Axes           | 3 |  3.5
Armour         | 4 |  4.5
Shields        | 4 |  4.0

Action                   |  1- 3 |  4- 6 || total
-------------------------+-------+-------++-------
Melee: War axe           |    71 |     1 ||    72
       Headbutt          |     8 |     1 ||     9
Armor: Scale mail        |    42 |       ||    42
Dodge: Dodged            |    41 |     1 ||    42
Block: Buckler           |    15 |       ||    15

Table legend: (Time is in decaauts)
 A = Elapsed time spent in this place.
 B = Non-inter-level travel time spent in this place.
 C = Inter-level travel time spent in this place.
 D = Time resting spent in this place.
 E = Time spent auto-exploring this place.
 F = Levels seen in this place.
 G = Mean time per level.
                   A        B        C        D        E       F      G
               +--------+--------+--------+--------+--------+-----+--------+
         Total |   1709 |   1675 |     34 |      0 |   1365 |   4 |  427.2 |
       Dungeon |   1709 |   1675 |     34 |      0 |   1365 |   4 |  427.2 |
               +--------+--------+--------+--------+--------+-----+--------+

Top non-repeatable levels by time:
     D:1: 1135 daAuts
     D:3: 204 daAuts
     D:2: 202 daAuts
     D:4: 167 daAuts
